 Dungeon Crawl Stone Soup version 0.28.0-45-g0d030f2227 (webtiles) character file.

Game seed: 1518921201560115159

24 101zpm the Covered (level 3, -1/23 HPs)
             Began as a Gargoyle Fighter on Apr 10, 2022.
             Slain by an orc priest
             ... wielding a +0 war axe
              (2 damage)
             ... on level 3 of the Dungeon.
             The game lasted 00:01:42 (1193 turns).

101zpm the Covered (Gargoyle Fighter)               Turns: 1193, Time: 00:01:42

Health: -1/23      AC: 11    Str: 21    XL:     3   Next: 2%
Magic:  3/3        EV:  9    Int:  8    God:
Gold:   20         SH:  4    Dex:  9    Spells: 2/2 levels left

rFire   . . .      SeeInvis .   a - +0 flail
rCold   . . .      Faith    .   c - +0 buckler
rNeg    + . .      Spirit   .   b - +0 scale mail
rPois   ∞          Reflect  .   (no helmet)
rElec   +          Harm     .   (no cloak)
rCorr   .          Rampage  .   (no gloves)
Will    .....                   f - +0 pair of boots
Stlth   ..........              (no amulet)
HPRegen 0.07/turn               (no ring)
MPRegen 0.08/turn               (no ring)

@: no status effects
A: sickness immunity, AC +3, negative energy resistance 1, electricity
resistance, torment resistance 1, petrification resistance
a: no special abilities


You were on level 3 of the Dungeon.
You visited 1 branch of the dungeon, and saw 4 of its levels.

You collected 20 gold pieces.

Inventory:

Hand Weapons
 a - a +0 flail (weapon)
Missiles
 k - 69 stones (quivered)
Armour
 b - a +0 scale mail (worn)
 c - a +0 buckler (worn)
 f - a +0 pair of boots (worn)
Scrolls
 e - a scroll of magic mapping {unknown}
 j - a scroll of teleportation {unknown}
Potions
 d - 2 potions of might
 g - a potion of flight {unknown}
 h - a potion of attraction {unknown}
 i - a potion of curing {unknown}


   Skills:
 + Level 3.6 Fighting
 + Level 2.2 Maces & Flails
 + Level 3.6 Armour
 + Level 3.6 Shields


You had 2 spell levels left.
You didn't know any spells.
Your spell library contained the following spells:

 Spells                   Type           Power      Damage    Failure   Level
 Petrify                  Tmut/Erth      0%         N/A       100%        4
 Irradiate                Conj/Tmut      0%         3d13      100%        5
 Sublimation of Blood     Necr           Unusable   N/A       N/A         2

Dungeon Overview and Level Annotations

Branches:
Dungeon (4/15)
 Temple: D:4-7

Altars:


Innate Abilities, Weirdness & Mutations

You are immune to sickness and miasma.
Your stone body is resilient. (AC +3)
You are immune to poison.
You resist negative energy. (rN+)
You are resistant to electric shocks. (rElec)
You are resistant to unholy torment.
You are immune to petrification.


Message History

You are too injured to fight recklessly!
You are too injured to fight recklessly!
You are too injured to fight recklessly!
You are too injured to fight recklessly!
You are too injured to fight recklessly!
You barely miss the orc priest.
The orc priest is lightly wounded.
The orc misses you.
You thump the orc!
You kill the orc!
The orc hits you but does no damage. The orc priest barely misses you.
You block the orc's attack.
You have reached level 3!
Your experience leads to an increase in your attributes!
Increase (S)trength, (I)ntelligence, or (D)exterity?
You feel stronger. x2
You barely miss the orc priest.
The orc priest is lightly wounded.
The orc priest barely misses you. The orc hits you but does no damage.
The orc priest closely misses you.
You closely miss the orc priest.
The orc priest is lightly wounded.
The orc hits you with a +0 hand axe.
The orc priest hits you but does no damage.
You hit the orc priest.
The orc priest is moderately wounded.
The orc hits you with a +0 hand axe.
* * * LOW HITPOINT WARNING * * *
You block the orc priest's attack.
You hit the orc priest.
The orc priest is heavily wounded.
The orc barely misses you.
The orc priest hits you but does no damage.
You block the orc's attack. The orc priest barely misses you.
You hit the orc priest.
The orc priest is almost dead.
The orc hits you with a +0 hand axe.
* * * LOW HITPOINT WARNING * * *
The orc priest hits you with a +0 war axe.
You die...

#.. # ..## #)
#..# #.###..#
#......#
#......##
#.......#######
#.............#
##?.o@#..####.#
#..)o#.>...#
#...(#####.#
#....# #.# ###
#....# #.# #..
#....# #.# #.#
######
#.########.#
#.#......#.#
#.#.###.##.#


You could see an orc priest and an orc.

Vanquished Creatures
  An orc (D:3)
  4 ball pythons (D:1)
  4 bats (D:1)
  An endoplasm (D:1)
  A goblin (D:1)
  2 hobgoblins (D:1)
  2 jackals (D:1)
  A quokka (D:1)
  A frilled lizard (D:1)
  3 kobolds (D:1)
  A rat (D:1)
21 creatures vanquished.

Notes
Turn   | Place    | Note
-------+----------+-------------------------------------------
     0 | D:1      | 101zpm the Gargoyle Fighter began the quest for the Orb.
     0 | D:1      | Reached XP level 1. HP: 14/14 MP: 1/1
    87 | D:1      | Found a faded altar of an unknown god.
   181 | D:1      | Reached XP level 2. HP: 19/19 MP: 2/2
  1189 | D:3      | Reached XP level 3. HP: 10/23 MP: 3/3
  1193 | D:3      | HP: 1/23 [orc/+0 hand axe (5)]
  1193 | D:3      | Slain by an orc priest

Illustrated notes

Levels and vault maps discovered:
D:1:      co_arrival_square_in_a_square_in_a_square, layout_basic,
          nicolae_ecumenical_snake_handling, chequers_serial_rivers_micro_e
D:2:      layout_loops_cross, serial_shops, nicolae_square_shop,
          nicolae_shop_window_shopping, wad_floor_pattern_1
D:3:      layout_basic, mainiacjoe_overflow_tiny_flanked,
          general_overflow_altar, minmay_misc_feat_chi,
          nicolae_concentric_dashed_squares_wild
D:4:      layout_rooms, serial_shops, nicolae_take_the_stairs, uniq_grinder,
          uniq_pikel

Action                   || total
-------------------------++-------
Melee: Flail             ||    51
Throw: Stone             ||     3
Armor: Scale mail        ||    41
Dodge: Dodged            ||    38
Block: Buckler           ||    10
